 Dungeon Crawl Stone Soup version 0.30.1-9-gdf580d7c3d (webtiles) character file.

Game seed: 16312574385770399950

22 lonewolfV2 the Shield-Bearer (level 3, -6/29 HPs)
             Began as a Human Fighter on Oct 22, 2023.
             Succumbed to a kobold's poison
             ... on level 1 of the Dungeon.
             The game lasted 00:01:08 (494 turns).

lonewolfV2 the Shield-Bearer (Human Fighter)         Turns: 494, Time: 00:01:08

Health: -6/29      AC:  8    Str: 18    XL:     3   Next: 7%
Magic:  3/3        EV:  9    Int:  8    God:
Gold:   36         SH:  4    Dex: 12    Spells: 2/2 levels left

rFire   . . .        a - +0 war axe
rCold   . . .        c - +0 buckler
rNeg    . . .        b - +0 scale mail
rPois   .            (no helmet)
rElec   .            (no cloak)
rCorr   .            (no gloves)
SInv    .            k - +0 pair of boots
Will    .....        (no amulet) Stlth
                     (no ring)
HPRegen 0.24/turn    (no ring)
MPRegen 0.08/turn

%: no passive effects
@: lethally poisoned (-6 -> -40)
A: no striking features
a: no special abilities


You were on level 1 of the Dungeon.
You visited 1 branch of the dungeon, and saw 1 of its levels.

You collected 36 gold pieces.

Inventory:

Hand Weapons
 a - a +0 war axe (weapon)
Armour
 b - a +0 scale mail (worn)
 c - a +0 buckler (worn)
 k - a +0 pair of boots (worn)
Scrolls
 e - 3 scrolls of magic mapping {unknown}
 f - a scroll of butterflies {unknown}
 h - a scroll of identify {unknown}
 i - a scroll of teleportation {unknown}
Potions
 d - a potion of might
 g - 2 potions of curing {unknown}
 j - 2 potions of invisibility {unknown}
 l - a potion of attraction {unknown}


   Skills:
 + Level 3.3 Fighting
 - Level 2.0 Axes
 + Level 3.3 Armour
 + Level 3.3 Shields


You had 2 spell levels left.
You didn't know any spells.
Your spell library was empty.

Dungeon Overview and Level Annotations

Branches:
Dungeon (1/15)

Altars:


Message History

You see here a +2 ring mail of poison resistance.
A kobold comes into view. It is wielding a +0 whip.
The kobold shouts!
You hear a shout!
A kobold is nearby!
A kobold is nearby!
A kobold comes into view. It is wielding a +1 dagger of venom.
The kobold shouts!
You hit the kobold.
The kobold is heavily wounded.
The kobold hits you with a +1 dagger of venom.
You are poisoned.
You closely miss the kobold. x2
You feel very sick.
The kobold hits you with a +1 dagger of venom.
You are more poisoned.
You block the kobold's attack.
You barely miss the kobold. You hit the kobold but do no damage.
You feel very sick. The kobold hits you but does no damage.
You are lethally poisoned!
You block the kobold's attack. The kobold closely misses you.
The kobold hits you with a +0 whip.
You slash the kobold!
You kill the kobold!
You barely miss the kobold.
You feel extremely sick. The kobold hits you but does no damage.
You are more poisoned.
You hit the kobold but do no damage.
The kobold is heavily wounded.
* * * LOW HITPOINT WARNING * * *
You feel extremely sick. The kobold hits you but does no damage.
You are more poisoned.
The kobold hits you but does no damage.
You are more poisoned.
Unknown command.
You slash the kobold!
You kill the kobold!
You die...

##~~~~##..#### .##
#######...... ..#
##.#### #.# # ######.#
#.#.# #......# #.#.
#.####.# #.. #.####.#
#)######....[.#
#@).......#####
#.#######.# #.# ##.##
#># ##...##
#.#####..#..######
#####.......#.#.......
...........#...#......
......#####...†.#####.
.......#...........#..


There were no monsters in sight!

Vanquished Creatures
  A dart slug (D:1)
  A ball python (D:1)
  2 endoplasms (D:1)
  A giant cockroach (D:1)
  A goblin (D:1)
  A hobgoblin (D:1)
  6 kobolds (D:1)
  A quokka (D:1)
  3 bats (D:1)
  A frilled lizard (D:1)
  A rat (D:1)
19 creatures vanquished.

Notes
Turn   | Place    | Note
-------+----------+-------------------------------------------
     0 | D:1      | lonewolfV2 the Human Fighter began the quest for the Orb.
     0 | D:1      | Reached XP level 1. HP: 18/18 MP: 1/1
   102 | D:1      | Reached XP level 2. HP: 20/24 MP: 2/2
   367 | D:1      | Reached XP level 3. HP: 29/29 MP: 3/3
   494 | D:1      | Succumbed to a kobold's poison

Illustrated notes

Levels and vault maps discovered:
D:1:      scummos_arrival_star, layout_loops_ring, serial_rivers,
          chequers_serial_rivers_large_b, chequers_serial_rivers_micro_a,
          chequers_serial_rivers_large_a, chequers_serial_rivers_micro_e,
          chequers_serial_rivers_micro_b

Action                     || total
---------------------------++-------
  Melee: War axe           ||    52
 Armour: Scale mail        ||    35
  Dodge: Dodged            ||    22
  Block: Buckler           ||    12
